Map: Dusk Towers

Players

MorN

  • Race: Terran Terran
  • League: Master

Apocalypse - Winner!

  • Race: Protoss Protoss
  • League: Master

VOD

Have the link to the VOD?

Description

Time

  • Played on: Dec. 6, 2015, 6:40 p.m.
  • Length: 14:40
Show
View Real Time Build Order
Export as new Build Order

MorN Terran 

Build Orders: Reaper Expand, MMM Bio 

Get SALT Encoding   

  12  0:00  SCV  
  13  0:13  SCV  
  14  0:17  Supply Depot  
  14  0:25  SCV  
  15  0:39  SCV  
  15  0:40  Barracks  
  16  0:45  Refinery  
  16  0:51  SCV  
  17  1:03  SCV  
  18  1:15  SCV  
  19  1:27  Orbital Command  
  19  1:28  Reaper  
  20  1:40  Command Center  
  20  1:52  Supply Depot  
  20  1:53  SCV  
  21  2:08  Barracks Reactor  
  21  2:11  Barracks  
  21  2:12  SCV  
  22  2:18  Barracks  
  22  2:24  SCV  
  23  2:37  SCV  
  24  2:41  Factory  
  24  2:44  Refinery  
  24  2:49  SCV, Marine x2  
  27  2:56  Orbital Command  
  26  2:59  Barracks Tech Lab  
  26  3:01  SCV  
  27  3:05  Marine  
  27  3:07  Marine  
  29  3:13  SCV  
  29  3:16  Marine  
  29  3:19  Stimpack  
  31  3:21  Marine  
  31  3:25  SCV  
  33  3:27  Starport  
  33  3:31  SCV  
  34  3:36  Factory Reactor, Marine  
  34  3:37  Marine  
  34  3:38  Marine  
  34  3:39  Supply Depot  
  37  3:42  Marine  
  37  3:44  SCV  
  37  3:45  SCV  
  40  3:54  Marine  
  40  3:55  Marine  
  42  3:56  SCV  
  42  3:57  SCV, Marine  
  45  4:08  SCV  
  45  4:09  SCV  
  47  4:11  Marauder  
  49  4:17  Supply Depot  
  49  4:18  Medivac x2  
  49  4:20  SCV  
  49  4:21  Supply Depot  
  54  4:27  Barracks Tech Lab  
  54  4:31  Factory Reactor  
  54  4:34  Refinery  
  54  4:38  SCV x2, Marine x3  
  59  4:48  Marauder  
  59  4:50  SCV  
  62  4:56  Medivac, Marine x2  
  66  5:02  Command Center  
  66  5:03  SCV x2  
  68  5:09  Widow Mine  
  70  5:15  Supply Depot x2  
  70  5:25  Combat Shields  
  70  5:29  Supply Depot  
  70  5:31  SCV  
  70  5:32  SCV, Marine  
  70  5:34  Marine  
  70  5:36  Widow Mine, Marauder  
  70  5:37  Marauder  
  70  5:50  Marine  
  70  5:51  Marine  
  70  5:56  Marine  
  73  5:58  Widow Mine, Marauder  
  73  6:00  Medivac  
  79  6:04  Widow Mine  
  79  6:08  Marine  
  79  6:09  Marine  
  83  6:15  Marauder  
  83  6:16  Barracks  
  83  6:17  Barracks  
  85  6:18  Orbital Command  
  85  6:19  SCV, Marine  
  85  6:25  SCV, Marine  
  88  6:29  Supply Depot  
  88  6:30  Engineering Bay  
  88  6:32  Engineering Bay  
  89  6:36  Marauder  
  88  6:49  Marauder, Marine x2  
  88  6:50  SCV x2  
  94  6:55  Orbital Command  
  94  6:57  Terran Infantry Weapons Level 1, Terran Infantry Armor Level 1  
  94  6:58  Medivac x2, Marauder  
  100  7:02  SCV x2  
  102  7:14  SCV, Supply Depot  
  102  7:15  SCV  
  104  7:16  Supply Depot  
  104  7:17  Refinery  
  104  7:24  SCV  
  104  7:26  SCV  
  104  7:27  SCV, Supply Depot  
  105  7:32  Marine x2  
  105  7:33  Marauder  
  105  7:34  Barracks Reactor, Barracks Tech Lab  
  105  7:36  SCV  
  110  7:38  SCV, Widow Mine x2  
  110  7:39  SCV, Medivac x2  
  110  7:42  Refinery  
  120  7:46  Refinery  
  120  7:48  SCV  
  120  7:50  SCV  
  123  7:51  SCV  
  123  7:52  Starport  
  123  8:00  SCV  
  123  8:02  SCV  
  123  8:03  SCV  
  126  8:06  Supply Depot, Widow Mine x2  
  126  8:07  Supply Depot x2  
  126  8:10  Marauder x3, Marine x2  
  126  8:12  Supply Depot  
  138  8:19  Command Center  
  138  8:23  Medivac  
  140  8:27  Medivac  
  140  8:30  Supply Depot  
  140  8:32  Fusion Core, Starport Tech Lab  
  142  8:38  Marine  
  142  8:39  Marauder, Marine x3  
  142  8:40  Marauder x2  
  74  8:41  Liberator  
  152  8:51  SCV x2  
  152  8:54  Supply Depot  
  154  8:56  Marine x3  
  154  9:01  Marauder x2  
  164  9:11  Marine x2  
  165  9:17  Armory  
  165  9:22  Marauder  
  133  9:37  Liberator  
  128  9:46  Marine x2  
  128  9:47  Marauder  
  128  9:52  Widow Mine, Marine x2  
  133  9:53  Marauder x2, Medivac x2, Widow Mine  
  143  10:06  Liberator  
  121  10:15  Marauder, Marine x2  
  121  10:16  Marauder x2  
  111  10:25  Marine x2  
  111  10:34  Armory  
  102  10:38  Marine x2  
  102  10:39  Marauder  
  95  10:52  Marine x2  
  95  10:53  Marauder  
  95  10:54  SCV x2  
  95  10:55  SCV x2  
  88  11:15  Advanced Ballistics  
  88  11:17  SCV x2  
  89  11:31  Marine x2  
  89  11:32  Marauder  
  91  11:39  Marauder, Marine x3  
  94  11:41  SCV  
  94  11:45  SCV x3  
  98  11:51  Liberator  
  98  11:53  SCV, Marine  
  100  11:57  SCV x3  
  103  12:10  Marine x2  
  103  12:11  Marine x5  
  103  12:13  SCV  
  114  12:19  Widow Mine x2  
  118  12:28  Marine x3  
  118  12:29  Marauder, Marine  
  124  12:30  Liberator  
  124  12:32  Marine x2  
  126  12:46  SCV, Marine x2  
  126  12:47  Marauder  
  126  12:51  Marauder x2  
  131  12:56  Marine  
  131  12:57  Marine  
  129  13:04  Marine x2  
  130  13:08  Marauder  
  130  13:12  Marauder x2  
  134  13:14  Marine x2  
  126  13:22  Marine x2  
  126  13:24  SCV  
  129  13:30  Marauder  
  129  13:32  Marine x2  
  129  13:33  Marauder  
  129  13:34  Marauder  
  137  13:39  Marine x2  
  139  13:50  Marine x2  
  139  13:51  Marauder  
  139  13:54  Marine  
  139  13:55  Planetary Fortress, Marauder  
  143  13:57  SCV  
  147  14:06  Marine x2  
  147  14:07  SCV x2  
  147  14:08  Marine  
  147  14:09  SCV  
  153  14:12  Marauder  
Show
View Real Time Build Order
Export as new Build Order

Apocalypse Protoss - Winner!

Build Orders: 1 Gate Expand 

Get SALT Encoding   

  12  0:01  Probe (Chrono Boost)  
  13  0:11  Probe (Chrono Boost)  
  14  0:17  Pylon  
  14  0:22  Probe (Chrono Boost)  
  15  0:36  Probe (Chrono Boost)  
  15  0:37  Gateway  
  16  0:46  Assimilator  
  16  0:47  Probe (Chrono Boost)  
  17  0:57  Probe (Chrono Boost)  
  18  1:08  Probe (Chrono Boost)  
  19  1:18  Probe (Chrono Boost)  
  19  1:24  Nexus  
  20  1:29  Probe (Chrono Boost)  
  21  1:35  Cybernetics Core  
  22  1:40  Probe (Chrono Boost)  
  22  1:43  Assimilator  
  22  1:49  Pylon  
  22  1:52  Probe (Chrono Boost)  
  23  2:12  Mothership Core (Chrono Boost), Adept, Warp Gate  
  27  2:17  Forge  
  27  2:30  Probe (Chrono Boost)  
  28  2:38  Probe (Chrono Boost)  
  28  2:41  Probe (Chrono Boost)  
  30  2:50  Probe (Chrono Boost)  
  30  2:56  Probe (Chrono Boost)  
  31  2:59  Probe (Chrono Boost), Protoss Ground Armor Level 1 (Chrono Boost)  
  34  3:05  Adept  
  34  3:07  Robotics Facility  
  34  3:08  Probe  
  34  3:10  Probe  
  36  3:20  Probe  
  36  3:21  Probe  
  38  3:31  Probe  
  38  3:32  Probe  
  40  3:34  Adept  
  40  3:41  Pylon  
  42  3:42  Probe  
  42  3:44  Probe  
  44  3:52  Probe  
  45  3:56  Probe  
  45  3:58  Warp Prism (Chrono Boost)  
  45  4:01  Adept  
  50  4:03  Probe  
  50  4:08  Probe, Pylon  
  52  4:16  Gateway  
  52  4:17  Probe  
  52  4:18  Twilight Council, Gateway  
  52  4:20  Probe  
  54  4:26  Assimilator  
  54  4:27  Assimilator  
  54  4:29  Probe (Chrono Boost)  
  55  4:32  Probe (Chrono Boost)  
  55  4:33  Observer (Chrono Boost)  
  55  4:38  Protoss Ground Armor Level 2 (Chrono Boost)  
  57  4:44  Probe (Chrono Boost)  
  59  4:45  Probe (Chrono Boost)  
  59  4:50  Sentry  
  61  5:04  Probe, Pylon  
  61  5:06  Pylon  
  62  5:09  Resonating Glaives (Chrono Boost)  
  62  5:17  Pylon  
  62  5:22  Probe, Immortal  
  62  5:23  Sentry  
  62  5:25  Sentry  
  62  5:27  Nexus  
  62  5:28  Pylon  
  63  5:48  Stalker x3  
  69  5:59  Probe x2  
  69  6:04  Gateway, Immortal  
  75  6:05  Gateway  
  75  6:07  Gateway, Pylon  
  75  6:08  Nexus  
  75  6:19  Probe x2  
  75  6:22  Stalker x3  
  83  6:31  Probe x2  
  83  6:49  Probe  
  83  6:50  Probe  
  85  7:00  Protoss Ground Armor Level 3  
  85  7:01  Probe, Adept x2  
  88  7:02  Adept  
  92  7:08  Pylon  
  92  7:09  Pylon  
  86  7:18  Probe x2  
  88  7:28  Photon Cannon  
  88  7:31  Sentry x2  
  88  7:32  Sentry x3, Gateway  
  88  7:34  Adept  
  101  7:37  Mothership Core, Probe  
  101  7:38  Probe  
  101  7:40  Assimilator  
  101  7:42  Assimilator  
  108  7:44  Immortal  
  108  7:51  Blink (Chrono Boost)  
  108  8:04  Probe x2  
  110  8:08  Pylon  
  110  8:11  Stalker x2  
  110  8:12  Stalker x3  
  120  8:15  Adept  
  120  8:17  Probe  
  120  8:18  Probe x2  
  125  8:24  Pylon  
  125  8:26  Pylon  
  125  8:28  Probe  
  125  8:30  Probe  
  125  8:31  Immortal  
  131  8:40  Adept x2  
  135  8:41  Adept  
  135  8:44  Adept  
  139  8:50  Photon Cannon  
  139  8:53  Photon Cannon  
  139  8:57  Adept x2  
  143  9:17  Nexus  
  143  9:22  Observer, Protoss Ground Weapons Level 1  
  127  9:42  Adept x3  
  127  9:43  Zealot x3  
  127  9:44  Immortal  
  143  9:47  Charge (Chrono Boost)  
  143  9:48  Adept  
  140  10:01  Probe  
  140  10:03  Probe x2  
  140  10:06  Nexus  
  139  10:07  Pylon  
  139  10:24  Stalker  
  139  10:25  Stalker x6  
  145  10:57  Stalker  
  145  10:58  Stalker x5  
  145  10:59  Protoss Ground Weapons Level 2  
  145  11:01  Gateway  
  145  11:04  Gateway  
  153  11:06  Gateway  
  153  11:08  Gateway, Pylon  
  153  11:09  Pylon  
  153  11:15  Warp Prism (Chrono Boost)  
  153  11:26  Mothership Core, Templar Archives  
  151  11:40  Gateway  
  151  11:41  Gateway  
  151  11:43  Probe  
  151  11:44  Probe  
  153  11:51  Immortal (Chrono Boost)  
  157  11:54  Psionic Storm  
  157  12:00  Assimilator  
  157  12:05  Assimilator  
  157  12:06  High Templar x3  
  157  12:07  Pylon, High Templar x2  
  157  12:08  Pylon  
  167  12:09  High Templar  
  167  12:10  Photon Cannon  
  167  12:12  Photon Cannon  
  169  12:15  Pylon  
  169  12:28  Adept  
  169  12:29  Adept x3  
  177  12:31  Immortal  
  177  12:33  Dark Shrine  
  181  12:43  Probe x3  
  184  13:36  Nexus  
  184  13:46  Stalker x4  
  184  13:47  Stalker x2  
  196  13:49  Nexus  
  196  13:51  Pylon  
Tags
 
Add a new tag
Caveats
  • Supply blocks, unpowered buildings, or Contaminate may cause inaccurate times.
  • Supply counts are checked every 10 seconds.